 Dungeon Crawl Stone Soup version 0.27-a0-1281-ge233d83751 (webtiles) character file.

Game seed: 15245847317630729332

4288 Delamore the Cleaver (level 10, -4/74 HPs)
             Began as a Formicid Fighter on June 14, 2021.
             Was an Initiate of Gozag.
             Slain by a +3 glaive of electrocution (15 damage)
             ... created by the rancor of the Wu Jian Council
             ... on level 8 of the Dungeon.
             The game lasted 00:09:31 (9572 turns).

Delamore the Cleaver (Formicid Fighter)             Turns: 9572, Time: 00:09:31

Health: -4/74      AC: 15    Str: 24    XL:     10   Next: 57%
Magic:  10/10      EV:  6    Int:  8    God:    Gozag
Gold:   353        SH: 11    Dex: 10    Spells: 9/9 levels left

rFire    . . .     SeeInvis +   D - +6 battleaxe (elec)
rCold    . . .     Faith    .   c - +0 kite shield
rNeg     . . .     Spirit   .   u - +0 plate armour
rPois    .         Reflect  .   (helmet unavailable)
rElec    .         Harm     .   (no cloak)
rCorr    .         Rampage  .   w - +2 pair of gloves
Will     +....                  (no boots)
Stlth    ..........             (no amulet)
HPRegen  0.22/turn              (no ring)
MPRegen  0.12/turn              (no ring)

@: slowed, very slow
A: permanent stasis, dig shafts and tunnels, antennae 3, four strong arms
a: Dig, Shaft Self, Renounce Religion, Potion Petition, Call Merchant, Bribe
Branch


You were on level 8 of the Dungeon.
You worshipped Gozag.
Gozag was aware of your devotion.
You visited 2 branches of the dungeon, and saw 11 of its levels.
You also visited: Ossuary.

You collected 579 gold pieces.
You spent 20 gold pieces at shops.
You paid 206 gold pieces to Gozag.

Inventory:

Hand Weapons
 C - the +1 dagger of Defiance {venom, Drain +Blink rPois Dex+3}
   (You took it off a kobold on level 7 of the Dungeon)

   It poisons the flesh of those it strikes.
   It affects your dexterity (+3).
   It protects you from poison.
   It lets you blink.
   It drains your maximum health when unequipped.
 D - a +6 battleaxe of electrocution (weapon)
Missiles
 z - 3 boomerangs
 A - 12 poisoned darts (quivered)
Armour
 c - a +0 kite shield (worn)
 u - a +0 plate armour (worn)
 w - a +2 pair of gloves (worn)
 y - a +0 pair of gloves
Wands
 e - a wand of flame (9)
 r - a wand of mindburst (7)
 s - a wand of paralysis (4)
Scrolls
 g - a scroll of summoning
 i - 4 scrolls of amnesia
 k - a scroll of fog
 l - a scroll of fear
 p - 3 scrolls of identify
 t - 2 scrolls of enchant armour
 x - a scroll of silence
 B - a scroll of holy word
Potions
 d - a potion of might
 f - 6 potions of curing
 h - 2 potions of lignification
 j - a potion of brilliance
 m - 3 potions of degeneration
 n - a potion of mutation
 o - a potion of heal wounds
 q - 3 potions of attraction
 v - a potion of magic


   Skills:
 - Level 5.0 Fighting
 * Level 12.7 Axes
 - Level 5.0 Armour
 - Level 7.0 Shields


You had 9 spell levels left.
You didn't know any spells.
Your spell library contained the following spells:

 Spells                   Type           Power      Damage    Failure   Level
 Corona                   Hex            0%         N/A       100%        1
 Animate Armour           Summ/Erth      0%         N/A       100%        4
 Invisibility             Hex            0%         N/A       100%        6
 Shatter                  Erth           0%         3d5*      100%        9


Dungeon Overview and Level Annotations

Branches:
Dungeon (10/15)            Temple (1/1) D:7         Ossuary (visited)
   Lair: D:8-11         Orc: D:9-12

Altars:
Ashenzari
Dithmenos
Elyvilon
Fedhas
Gozag
Hepliaklqana
Kikubaaqudgha
Nemelex Xobeh
Okawaru
Ru
Sif Muna
Trog
Uskayaw
Vehumet
Wu Jian
Xom
Yredelemnul
Zin
The Shining One

Shops:
D:2 =   D:3 *[

Annotations:
D:6 3 runed translucent doors, Glokmah's ghost, novice OpBr


Innate Abilities, Weirdness & Mutations

You cannot be hasted, slowed, berserked, paralysed or teleported.
You can dig through walls and to a lower floor.
You have a pair of large antennae on your head. (SInv)
Your four strong arms can wield two-handed weapons with a shield.


Message History

No target in view!
No target in view!
No target in view!
No target in view!
No target in view!
No target in view!
No target in view!
No target in view!
No target in view!
No target in view!
No target in view!
No target in view!
No target in view!
You hit the +0 great sword of flaming.
The +0 great sword of flaming is moderately damaged.
The +0 great sword of flaming hits you!
The +0 great sword of flaming burns you.
* * * LOW HITPOINT WARNING * * *
You are too injured to fight recklessly!
You are too injured to fight recklessly!
You are too injured to fight recklessly!
You are too injured to fight recklessly!
You are too injured to fight recklessly!
You are too injured to fight recklessly!
You are too injured to fight recklessly!
You are too injured to fight recklessly!
You are too injured to fight recklessly!
You slice the +0 great sword of flaming!!
You destroy the +0 great sword of flaming!
That felt strangely unrewarding.
Sifu Cai Fang whispers: Nowhere to run...
A +3 glaive of electrocution comes into view.
You closely miss the +3 glaive of electrocution.
You slash the +3 glaive of electrocution!
The +3 glaive of electrocution is severely damaged.
The +3 glaive of electrocution hits you!
* * * LOW HITPOINT WARNING * * *
You are electrocuted!
You die...
Your body crumbles into a pile of gold.

.......(..(.(((.{(# #......##
##..###(##.###(##.# #........
###..###.##.# ##(#.# # #.#...[.#
.........##.# ##..##.###....##.#
###..######.######(........#.....
###..#### #.....((....###.......#
......>.# ######{###### #.##....#
.######.# #(## #........ #.# ##@#
#........ #># ### #........ #.#
#.###...# #.# #. #...# #.#
.###.... #.# #........ #.#
####.##.# #.# #..#... #.# #......


You could see a +3 glaive of electrocution.

Vanquished Creatures
  Pikel (D:7)
  A deep elf pyromancer (D:8)
  A troll (D:6)
  Sigmund (D:3)
  9 dancing weapons
  A yak (D:6)
  A wraith (Ossuary)
  A wyvern (D:7)
  A steam dragon (D:7)
  2 swamp worms (D:8)
  2 sky beasts
  2 ice beasts (D:6)
  2 black bears (D:8)
  2 necrophages
  An ogre (D:6)
  A centaur (D:5)
  A lemure (D:7)
  A phantom (D:5)
  A kobold brigand (D:7)
  An elf zombie (Ossuary)
  3 bullfrogs
  4 scorpions
  A centaur zombie (D:5)
  3 hounds
  A bullfrog zombie (D:6)
  2 jellies
  3 orc priests
  A centaur skeleton (D:4)
  5 iguanas
  4 orc wizards (D:6)
  3 mummies (Ossuary)
  A howler monkey zombie (D:6)
  5 adders
  2 shadow imps
  2 worms
  6 orcs
  9 ball pythons
  2 endoplasms
  3 giant cockroaches
  11 goblins
  7 hobgoblins
  8 jackals
  A quokka (D:1)
  7 bats
  4 frilled lizards
  6 goblin zombies (Ossuary)
  5 hobgoblin zombies (Ossuary)
  8 kobolds
  2 kobold zombies (Ossuary)
  5 rats
157 creatures vanquished.

Vanquished Creatures (others)
  4 plants
4 creatures vanquished.

Grand Total: 161 creatures vanquished

Notes
Turn   | Place    | Note
-------+----------+-------------------------------------------
     0 | D:1      | Delamore the Formicid Fighter began the quest for the Orb.
     0 | D:1      | Reached XP level 1. HP: 18/18 MP: 1/1
   158 | D:1      | Reached XP level 2. HP: 23/24 MP: 2/2
   245 | D:1      | Found a faded altar of an unknown god.
   304 | D:1      | Became a worshipper of the Wu Jian Council
   304 | D:1      | Reached * piety under Wu Jian
   592 | D:1      | Reached XP level 3. HP: 27/29 MP: 3/3
   833 | D:1      | Reached skill level 3 in Axes
  1003 | D:2      | Found Foufilig's Jewellery Boutique.
  1054 | D:2      | Reached ** piety under Wu Jian
  1286 | D:2      | Reached XP level 4. HP: 18/37 MP: 4/4
  1659 | D:2      | Identified the Grimoire of the Fetching Mountains
  1780 | D:3      | Found Dolerghisk's Armour Emporium.
  2018 | D:3      | Reached skill level 4 in Axes
  2040 | D:3      | Found Suzeb's General Store.
  2053 | D:3      | Bought a scroll of identify for 20 gold pieces
  2182 | D:3      | Noticed Sigmund
  2203 | D:3      | Killed Sigmund
  2204 | D:3      | Reached skill level 5 in Axes
  2204 | D:3      | Reached XP level 5. HP: 10/43 MP: 5/5
  2204 | D:3      | Reached XP level 6. HP: 11/50 MP: 6/6
  2473 | D:3      | Reached skill level 5 in Fighting
  2684 | D:3      | Reached skill level 6 in Axes
  2684 | D:3      | Reached XP level 7. HP: 43/56 MP: 7/7
  3167 | D:4      | Found a radiant altar of Vehumet.
  3454 | D:4      | Found a sand-covered staircase.
  3458 | Ossuary  | Entered an ossuary
  3458 | Ossuary  | Noticed a wraith
  3458 | Ossuary  | Noticed a wraith
  3458 | Ossuary  | Noticed a wraith
  3521 | Ossuary  | Reached *** piety under Wu Jian
  3531 | Ossuary  | Reached skill level 7 in Axes
  3703 | Ossuary  | Noticed a wraith
  3718 | Ossuary  | Killed a wraith
  3719 | Ossuary  | Reached XP level 8. HP: 10/62 MP: 8/8
  4193 | Ossuary  | Reached skill level 8 in Axes
  4458 | D:4      | Noticed an angel
  4459 | D:4      | Found a glowing silver altar of Zin.
  4916 | D:5      | Entered Level 5 of the Dungeon
  5167 | D:5      | Reached skill level 9 in Axes
  6606 | D:6      | Reached XP level 9. HP: 62/68 MP: 9/9
  6720 | D:6      | Reached skill level 10 in Axes
  6790 | D:6      | Noticed a troll
  6802 | D:6      | Killed a troll
  6803 | D:6      | Reached skill level 5 in Shields
  7217 | D:6      | Reached skill level 5 in Armour
  7481 | D:6      | Found a runed translucent gate.
  7481 | D:6      | Found a runed translucent gate.
  7481 | D:6      | Found a runed translucent gate.
  7481 | D:6      | Noticed Glokmah's ghost (novice OpBr)
  7543 | D:6      | Found a shimmering altar of Xom.
  8068 | D:7      | Reached skill level 11 in Axes
  8264 | D:7      | You fall into a shaft and drop 3 floors!
  8264 | D:10     | Entered Level 10 of the Dungeon
  8264 | D:10     | Noticed a two-headed ogre
  8371 | D:7      | Reached XP level 10. HP: 69/74 MP: 10/10
  8406 | D:7      | Identified the +1 dagger of Defiance {venom, Drain +Blink
                  | rPois Dex+3}
  8509 | D:7      | Found a staircase to the Ecumenical Temple.
  8552 | Temple   | Entered the Ecumenical Temple
  8578 | Temple   | Fell from the grace of Wu Jian
  8578 | Temple   | Became a worshipper of Gozag Ym Sagoz the Greedy
  8913 | D:7      | Found a shimmering blue altar of Sif Muna.
  9082 | D:8      | Noticed Pikel
  9104 | D:7      | Killed Pikel
  9105 | D:7      | Reached skill level 12 in Axes
  9211 | D:8      | Found an iron altar of Okawaru.
  9261 | D:8      | Identified a scroll of acquirement
  9270 | D:8      | Acquired a +6 battleaxe of electrocution
  9476 | D:8      | Noticed a deep elf pyromancer
  9485 | D:8      | Killed a deep elf pyromancer
  9572 | D:8      | Slain by a +3 glaive of electrocution

Illustrated notes

Levels and vault maps discovered:
D:1:      zelgadis_glass_arrival_small, layout_loops_ring,
          shapermc_ecumenical_altar_mp_ritualfount
D:2:      layout_basic, serial_shops, nicolae_shop_stone
D:3:      layout_basic, serial_shops, nicolae_shop_waterfront, shop_fountains,
          roderic_serpentine_path, serial_bayou_lake_a, uniq_sigmund
D:4:      layout_cave_pools, zin_angel, vehumet_crystals, enter_ossuary_5
D:5:      layout_basic, serial_curves, eino_curves_03, eino_curves_01
D:6:      kennysheep_big_flooded_room, layout_rooms, overflow_temple_1_default,
          ebering_ghost_rock_garden
D:7:      layout_rooms, led_sif_pool, minmay_temple_entry_slanted,
          lemuel_flamethrower_1
D:8:      layout_loops_ring, okawaru_gym_becter, serial_shops,
          kennysheep_mini_moat, worms_lemuel, uniq_pikel
D:9:      layout_loops_ring, grunt_lair_entry_orc_guard_hut,
          biasface_ghost_orc_armoury
D:10:     layout_loops_corners, lemuel_coloured_pillars_altar
Temple:   nicolae_temple_x_marks_the_god

Skill      XL: |  1  2  3  4  5  6  7  8  9 10 |
---------------+-------------------------------+-----
Axes           | 3 5 6 7 9 11 12 | 12.7
Fighting       | 4 5 |  5.0
Shields        | 4 6 7 |  7.0
Armour         | 5 |  5.0

Action                   |  1- 3 |  4- 6 |  7- 9 | 10-12 || total
-------------------------+-------+-------+-------+-------++-------
Melee: War axe           |   100 |    82 |   295 |    71 ||   548
       Battleaxe         |       |       |       |    33 ||    33
Throw: Dart              |       |       |       |    10 ||    10
Invok: Lunge             |    15 |     2 |    15 |       ||    32
 Abil: Dig               |       |     1 |    12 |     5 ||    18
Evoke: Wand              |       |       |     5 |       ||     5
  Use: Scroll            |     4 |     2 |    12 |     2 ||    20
       Potion            |       |     5 |       |       ||     5
Armor: Scale mail        |    43 |    36 |    49 |       ||   128
       Plate armour      |       |       |    58 |    38 ||    96
Dodge: Dodged            |    39 |    18 |    70 |     9 ||   136
Block: Kite shield       |    61 |    45 |   120 |    41 ||   267

Table legend: (Time is in decaauts)
 A = Elapsed time spent in this place.
 B = Non-inter-level travel time spent in this place.
 C = Inter-level travel time spent in this place.
 D = Time resting spent in this place.
 E = Time spent auto-exploring this place.
 F = Levels seen in this place.
 G = Mean time per level.
                   A        B        C        D        E       F      G
               +--------+--------+--------+--------+--------+-----+--------+
         Total |   9776 |   9318 |    458 |   1843 |   6012 |  12 |  814.7 |
       Dungeon |   8859 |   8417 |    442 |   1589 |   5523 |  10 |  885.9 |
        Temple |     36 |     20 |     16 |      0 |     18 |   1 |   36.0 |
       Ossuary |    879 |    879 |      0 |    254 |    471 |   1 |  879.0 |
               +--------+--------+--------+--------+--------+-----+--------+

Top non-repeatable levels by time:
     D:3: 1532 daAuts
     D:5: 1507 daAuts
     D:6: 1463 daAuts
     D:7: 1081 daAuts
     D:4: 943 daAuts
     D:1: 921 daAuts
     D:2: 905 daAuts
 Ossuary: 879 daAuts
     D:8: 452 daAuts
  Temple: 36 daAuts
     D:9: 28 daAuts
    D:10: 21 daAuts
